 Dungeon Crawl Stone Soup version 0.31-a0-83-gbff143cfd1 (webtiles) character file.

Game seed: 6123876020481474268

86 porpoise the Shooter (level 4, -2/27 HPs)
             Began as a Kobold Hexslinger on May 25, 2023.
             Slain by Crazy Yiuf
             ... wielding a +3 quarterstaff of chaos
              (7 damage)
             ... on level 2 of the Dungeon.
             The game lasted 00:06:29 (1873 turns).

porpoise the Shooter (Kobold Hexslinger)            Turns: 1873, Time: 00:06:29

Health: -2/27      AC:  5    Str:  5    XL:     4   Next: 77%
Magic:  0/5        EV: 15    Int: 14    God:
Gold:   196        SH:  0    Dex: 19    Spells: 4/5 levels left

rFire   . . .        a - +1 sling
rCold   . . .        (no shield)
rNeg    . . .        c - +0 robe
rPois   .            g - +2 helmet
rElec   .            (no cloak)
rCorr   .            (no gloves)
SInv    .            (no boots)
Will    .....        (no amulet)
Stlth   +++          (no ring)
HPRegen 0.24/turn    (no ring)
MPRegen 0.09/turn

%: no passive effects
@: no status effects
A: small, no large weapons, nightstalker 3
a: no special abilities


You were on level 2 of the Dungeon.
You visited 1 branch of the dungeon, and saw 2 of its levels.

You collected 196 gold pieces.

Inventory:

Hand Weapons
 a - a +1 sling (weapon)
 b - a +0 short sword
Missiles
 h - a poisoned dart (quivered)
Armour
 c - a +0 robe (worn)
 g - a +2 helmet (worn)
Scrolls
 d - a scroll of poison
 f - 2 scrolls of vulnerability {unknown}
 i - a scroll of identify {unknown}
 k - a scroll of enchant armour {unknown}
Potions
 e - a potion of lignification {unknown}
 j - 2 potions of degeneration {unknown}


   Skills:
 + Level 2.3 Fighting
 * Level 4.7 Ranged Weapons
 - Level 2.4 Dodging
 + Level 2.6 Stealth
 - Level 1.1 Spellcasting
 - Level 3.0 Hexes


You had 4 spell levels left.
You knew the following spells:

 Your Spells              Type           Power      Damage    Failure   Level
a - Slow                  Hex            36%        N/A       8%          1

Your spell library contained the following spells:

 Spells                   Type           Power      Damage    Failure   Level
 Sandblast                Erth           0%         2d4       26%         1
 Passwall                 Tmut/Erth      0%         N/A       38%         2
 Inner Flame              Hex/Fire       4%         N/A       41%         3
 Portal Projectile        Hex/Tloc       8%         N/A       41%         3
 Cause Fear               Hex            4%         N/A       58%         4
 Stone Arrow              Conj/Erth      0%         3d7       63%         3


Dungeon Overview and Level Annotations

Branches:
Dungeon (2/15)

Altars:

Shops:
D:1 :

Annotations:
D:2 Crazy Yiuf


Innate Abilities, Weirdness & Mutations

You are small and have problems with some larger weapons.
You are completely attuned to the shadows.


Message History

There is an open door here.
There is an open door here.
Found a leather armour.
Found a runed translucent door.
Found a hammer.
You open the door.
Throw: 4 darts (poison)
Press: ? - help, Q - select action, (/) - cycle Shift-Dir - straight line, f - Crazy Yiuf
Aim: Crazy Yiuf, wielding a +3 quarterstaff of chaos and wearing a +0 cloak of stealth (asleep, 98% to hit)
You throw a poisoned dart. The poisoned dart hits Crazy Yiuf.
Crazy Yiuf is poisoned.
Crazy Yiuf screams, "Prologue sing-song horse!"
Throw: 3 darts (poison)
Press: ? - help, Q - select action, (/) - cycle Shift-Dir - straight line, f/p - Crazy Yiuf
Aim: Crazy Yiuf, wielding a +3 quarterstaff of chaos and wearing a +0 cloak of stealth (lightly wounded, poisoned, 65% to hit)
You throw a poisoned dart. The poisoned dart hits Crazy Yiuf.
Crazy Yiuf looks even sicker.
Crazy Yiuf is lightly wounded.
Throw: 2 darts (poison)
Press: ? - help, Q - select action, (/) - cycle Shift-Dir - straight line, f/p - Crazy Yiuf
Aim: Crazy Yiuf, wielding a +3 quarterstaff of chaos and wearing a +0 cloak of stealth (lightly wounded, very poisoned, 65% to hit)
You throw a poisoned dart.
The poisoned dart barely misses Crazy Yiuf.
You shoot a sling bullet. The sling bullet hits Crazy Yiuf.
Crazy Yiuf is moderately wounded.
Crazy Yiuf hits you with a +3 quarterstaff of chaos!
You feel your power leaking away.
Crazy Yiuf cries, "Sif Muna wrapper illywillydillykilly!"
Crazy Yiuf hits you with a +3 quarterstaff of chaos!
* * * LOW HITPOINT WARNING * * *
Crazy Yiuf burns you.
* * * LOW HITPOINT WARNING * * *
You shoot a sling bullet.
The sling bullet barely misses Crazy Yiuf.
Crazy Yiuf closely misses you.
You shoot a sling bullet.
The sling bullet hits Crazy Yiuf but does no damage.
Crazy Yiuf is heavily wounded.
Crazy Yiuf hits you with a +3 quarterstaff of chaos!
You die...

##..##########......
#....# #.(....
#....# ######......
#...## #...........
##.## ###......###
#.## #......# ##.#
#......# #.##
#......# ##@#
######'### #g#
#....# ... #....#
#.(.# #....# #.()#
#....# #....# #....#
#....# ######


You could see Crazy Yiuf (poisoned).

Vanquished Creatures
  Robin (D:2)
  3 gnolls (D:2)
  An adder (D:2)
  3 ball pythons
  4 endoplasms
  2 giant cockroaches
  7 goblins
  5 hobgoblins
  A kobold (D:1)
  A quokka (D:2)
  4 bats
  3 rats (D:1)
35 creatures vanquished.

Notes
Turn   | Place    | Note
-------+----------+-------------------------------------------
     0 | D:1      | porpoise the Kobold Hexslinger began the quest for the Orb.
     0 | D:1      | Reached XP level 1. HP: 12/12 MP: 2/2
    88 | D:1      | Found Peysef's Book Emporium.
   146 | D:1      | Reached skill level 3 in Ranged Weapons
   209 | D:1      | Reached skill level 1 in Stealth
   209 | D:1      | Reached XP level 2. HP: 16/16 MP: 3/3
   949 | D:2      | Found a faded altar of an unknown god.
  1004 | D:2      | Noticed Robin
  1005 | D:2      | Reached XP level 3. HP: 21/21 MP: 4/4
  1023 | D:2      | Killed Robin
  1024 | D:2      | Reached skill level 4 in Ranged Weapons
  1242 | D:2      | Reached XP level 4. HP: 23/26 MP: 5/5
  1863 | D:2      | Found a runed translucent door.
  1866 | D:2      | Noticed Crazy Yiuf
  1873 | D:2      | Slain by Crazy Yiuf

Illustrated notes

Levels and vault maps discovered:
D:1:      psy_arrival_fountain, layout_basic, serial_shops, shop_coins
D:2:      layout_basic, chequers_ecumenical_altar_lobes,
          uniq_crazy_yiuf_cottage, uniq_robin

Skill      XL: |  1  2  3 |
---------------+----------+-----
Ranged Weapons | 3 4 |  4.7
Stealth        | 1 2 |  2.6
Fighting       | 2 |  2.3
Dodging        | |  2.4
Spellcasting   | |  1.1
Hexes          | |  3.0

Action                     |  1- 3 |  4- 6 || total
---------------------------+-------+-------++-------
   Fire: Sling             |    84 |    28 ||   112
  Throw: Dart              |       |     3 ||     3
   Cast: Slow              |     1 |       ||     1
    Use: Potion            |     1 |       ||     1
 Armour: Robe              |     9 |     1 ||    10
  Dodge: Dodged            |    42 |    10 ||    52

Table legend: (Time is in decaauts)
 A = Elapsed time spent in this place.
 B = Non-inter-level travel time spent in this place.
 C = Inter-level travel time spent in this place.
 D = Time resting spent in this place.
 E = Time spent auto-exploring this place.
 F = Levels seen in this place.
 G = Mean time per level.
                   A        B        C        D        E       F      G
               +--------+--------+--------+--------+--------+-----+--------+
         Total |   1894 |   1878 |     16 |    163 |   1470 |   2 |  947.0 |
       Dungeon |   1894 |   1878 |     16 |    163 |   1470 |   2 |  947.0 |
               +--------+--------+--------+--------+--------+-----+--------+

Top non-repeatable levels by time:
     D:2: 1045 daAuts
     D:1: 848 daAuts
